 Dungeon Crawl Stone Soup version 0.22.1-2-g9c5b331 (webtiles) character file.

31414 raph the Destroyer (level 13, 0/104 HPs)
             Began as a Green Draconian Conjurer on Dec 16, 2018.
             Was an Elder of Sif Muna.
             Slain by an ettin
             ... wielding a +0 dire flail of crushing
              (2 damage)
             ... on level 1 of the Orcish Mines.
             The game lasted 00:59:52 (22860 turns).

raph the Destroyer (Green Draconian Conjurer)      Turns: 22860, Time: 00:59:53

Health: 0/104      AC: 16    Str: 11    XL:     13   Next: 25%
Magic:  28/35      EV: 16    Int: 20    God:    Sif Muna [****..]
Gold:   1153       SH:  7    Dex: 18    Spells: 6/30 levels left

rFire    x . .     SeeInvis +   b - staff of wizardry
rCold    . . .     Gourm    .   q - +2 buckler
rNeg     . . .     Faith    .   (armour unavailable)
rPois    +         Spirit   .   N - +2 hat {MR+}
rElec    .         Reflect  .   z - +2 cloak
rCorr    .         Harm     .   P - +1 pair of gloves (curse)
MR       +....                  m - +0 pair of boots "Loar" {rPois rF- Int+2 Dex+4}
Stlth    +++.......             v - amulet of the acrobat
HPRegen  0.27/turn              C - ring of see invisible
MPRegen  0.24/turn              K - ring of magical power

@: short of breath
A: breathe noxious fumes, unfitting armour, poison resistance, cold-blooded, AC
+8
a: Breathe Noxious Fumes, Divine Energy, Channel Magic, Forget Spell, Renounce
Religion


You were on level 1 of the Orcish Mines.
You worshipped Sif Muna.
Sif Muna was greatly pleased with you.
You were hungry.

You visited 4 branches of the dungeon, and saw 19 of its levels.

You collected 1153 gold pieces.

Inventory:

Hand Weapons
 a - a +6 trident of flaming
 p - a +0 spear of venom
Missiles
 n - 7 steel javelins (quivered)
Armour
 j - a scarf of resistance
 m - the +0 pair of boots "Loar" (worn) {rPois rF- Int+2 Dex+4}
   (You acquired it on level 8 of the Dungeon)

   It affects your intelligence (+2).
   It affects your dexterity (+4).
   It makes you vulnerable to fire.
   It protects you from poison.
 q - a +2 buckler (worn)
 z - a +2 cloak (worn)
 N - a +2 hat of magic resistance (worn)
 P - a cursed +1 pair of gloves (worn)
Magical Staves
 b - an uncursed staff of wizardry (weapon)
Jewellery
 r - an uncursed ring of ice
 v - an amulet of the acrobat (around neck)
 w - an uncursed ring of ice
 C - a ring of see invisible (left hand)
 H - an uncursed ring of resist corrosion
 K - a ring of magical power (right hand)
Wands
 c - a wand of scattershot (5)
 f - a wand of disintegration (12)
 x - a wand of clouds (3)
 y - a wand of enslavement (14)
 J - a wand of paralysis (11)
 M - a wand of digging (26)
 Q - a wand of flame (34)
 R - a wand of iceblast (6)
 S - a wand of random effects (29)
Scrolls
 d - 5 scrolls of teleportation
 o - 12 scrolls of remove curse
 t - 3 scrolls of magic mapping
 I - a scroll of fog
 O - 3 scrolls of blinking
Potions
 e - 7 potions of curing
 g - 4 potions of agility
 h - 2 potions of haste
 i - 3 potions of lignification
 k - 2 potions of invisibility
 l - a potion of ambrosia
 s - a potion of berserk rage
 u - 2 potions of heal wounds {unknown}
 A - 3 potions of resistance {unknown}
 B - 2 potions of mutation {unknown}
 D - 2 potions of cancellation
 E - 2 potions of flight {unknown}
 F - 3 potions of degeneration {unknown}
 U - a potion of brilliance {unknown}
Miscellaneous
 L - a crystal ball of energy
Comestibles
 G - 21 rations
 V - 7 chunks of flesh


   Skills:
 - Level 6.6 Fighting
 * Level 9.9 Polearms
 - Level 5.4 Dodging
 - Level 3.3 Stealth
 - Level 4.1 Shields
 + Level 9.1 Spellcasting
 + Level 11.9 Conjurations
 + Level 0.9 Hexes
 - Level 3.3 Charms
 - Level 5.2 Translocations
 - Level 3.7 Air Magic
 - Level 7.7 Invocations


You had 6 spell levels left.
You knew the following spells:

 Your Spells              Type           Power        Failure   Level  Hunger
a - Magic Dart            Conj           ####         1%          1    None
b - Searing Ray           Conj           ######       1%          2    None
c - Iskenderun's Mystic   Conj           ######..     1%          4    ###....
d - Dazzling Spray        Conj/Hex       ####..       1%          3    None
e - Force Lance           Conj/Tloc      #####...     1%          4    ###....
f - Fulminant Prism       Conj/Hex       ####......   2%          4    ###....
g - Deflect Missiles      Chrm/Air       ###.......   69%         6    ######.

Your spell library contained the following spells:

 Spells                   Type           Power        Failure   Level  Hunger
 Summon Small Mammal      Summ           #...         3%          1    None
 Call Imp                 Summ           #.......     4%          2    None
 Summon Guardian Golem    Hex/Summ       ##......     8%          3    None
 Call Canine Familiar     Summ           #.......     9%          3    None
 Summon Lightning Spire   Summ/Air       ###.....     14%         4    ###....
 Cause Fear               Hex            ##........   21%         4    ###....
 Summon Ice Beast         Ice/Summ       #.......     28%         4    ###....
 Silence                  Hex/Air        ###.......   32%         5    #####..
 Yara's Violent Unravell  Hex/Tmut       ##........   54%         5    #####..
 Discord                  Hex            ##........   100%        8    #######


Dungeon Overview and Level Annotations

Branches:
Dungeon (11/15)            Temple (1/1) D:6            Lair (6/6) D:8
  Swamp (0/4) Lair:3        Snake (0/4) Lair:3        Slime (0/5) Lair:5
    Orc (1/2) D:11

Altars:
Ashenzari
Cheibriados
Dithmenos
Elyvilon
Fedhas
Gozag
Hepliaklqana
Kikubaaqudgha
Makhleb
Nemelex Xobeh
Okawaru
Qazlal
Ru
Sif Muna
Trog
Uskayaw
Vehumet
Wu Jian
Xom
Yredelemnul
Zin
The Shining One

Shops:
D:10 [   Orc:1 *

Annotations:
Lair:1 1 runed door, bmj180's ghost, journeyman DECj


Innate Abilities, Weirdness & Mutations

You can breathe blasts of noxious fumes.
Your lurid green scales are hard. (AC +8)
You cannot fit into any form of body armour.
Your system is resistant to poisons. (rPois)
You are cold-blooded and may be slowed by cold attacks.


Message History

You exhale a blast of noxious fumes.
The blast of choking fumes hits the ettin.
The ettin is heavily wounded.
You are feeling hungry.
The orc warrior hits you but does no damage.
The ettin is engulfed in noxious fumes.
The ettin hits you with a dire flail of crushing!
The ettin barely misses you.
You hit the ettin.
You tail-slap the ettin, but do no damage.
The ettin is heavily wounded.
You block the orc warrior's attack.
You hit the orc warrior but do no damage.
The ettin is engulfed in noxious fumes.
The ettin completely misses you. x2
The orc warrior hits you with a short sword!
* * * LOW HITPOINT WARNING * * *
The orc knight misses you.
The ettin is engulfed in noxious fumes.
The ettin hits you with a dire flail of crushing!!
* * * LOW HITPOINT WARNING * * *
You die...

.#.............## ##.##
#...............# #...#
...#...........### ##..##
............#....###...#
..................##...##
.o#..∩....>.............###
..........................##
[.............)oo..........#
...........§§§§C@[........##
#.>.............÷#........#
##.#............(.....##.##
####.....##.#..##..######
#################


You could see an orc knight, an ettin and an orc warrior.

Vanquished Creatures
  Snorg (D:11)
  Josephine (Lair:5)
  An ettin (D:10)
  A hydra (Lair:4)
  Erica (D:8)
  Fannar (D:11)
  2 two-headed ogres
  Urug (Lair:3)
  Sonja (Lair:2)
  An unseen horror (D:10)
  An orc knight (D:11)
  Pikel (D:6)
  An ugly thing (D:9)
  A cyclops (D:11)
  A black mamba (Lair:3)
  Maurice (D:11)
  3 elephants (Lair:5)
  4 spiny frogs
  A gargoyle (D:11)
  A torpor snail (Lair:5)
  2 komodo dragons
  4 trolls
  Grinder (D:3)
  10 blink frogs
  6 hippogriffs
  3 wraiths (Lair:5)
  36 yaks
  Eustachio (D:5)
  A wyvern (shapeshifter) (D:10)
  A steam dragon (D:5)
  2 wargs (Orc:1)
  A soldier ant (D:8)
  3 nagas (Lair:3)
  7 water moccasins
  4 porcupines
  Duvessa (D:6)
  2 ice beasts
  A black bear (Lair:5)
  7 orc warriors (D:11)
  5 sky beasts
  8 ogres
  10 wolves
  2 centaurs (D:10)
  10 crocodiles
  A big kobold (D:9)
  8 bullfrogs
  3 scorpions
  4 killer bees (D:7)
  5 electric eels
  3 wights (D:11)
  2 howler monkeys
  9 crimson imps
  4 jellies
  9 orc priests
  7 hounds
  Crazy Yiuf (D:7)
  12 orc wizards
  Terence (D:2)
  Natasha (thrice) (D:2)
  3 iguanas
  9 worker ants
  A hound skeleton (D:6)
  A howler monkey zombie (D:6)
  15 adders
  A gnoll (Orc:1)
  9 oozes
  An adder skeleton (D:4)
  A worm (D:2)
  A dart slug (D:1)
  9 leopard geckos
  39 orcs
  A ball python (D:4)
  6 bats
  6 giant cockroaches
  13 goblins
  4 hobgoblins
  19 jackals
  10 kobolds
  5 quokkas
  2 frilled lizards
  A quokka skeleton (D:9)
  2 quokka zombies (D:6)
  5 rats
390 creatures vanquished.

Vanquished Creatures (others)
  Dowan (D:6)
  A ball python (D:6)
  2 fulminant prisms
  A fungus (Lair:3)
5 creatures vanquished.

Grand Total: 395 creatures vanquished

Notes
Turn   | Place    | Note
-------+----------+-------------------------------------------
     0 | D:1      | raph the Draconian Conjurer began the quest for the Orb.
     0 | D:1      | Reached XP level 1. HP: 14/14 MP: 3/3
   471 | D:1      | Reached XP level 2. HP: 20/20 MP: 1/5
  1053 | D:1      | Reached XP level 3. HP: 26/26 MP: 4/6
  1057 | D:1      | Learned a level 2 spell: Searing Ray
  1378 | D:2      | Reached skill level 5 in Conjurations
  1660 | D:2      | Reached XP level 4. HP: 33/33 MP: 4/8
  2115 | D:2      | Noticed Natasha
  2125 | D:2      | Killed Natasha
  2448 | D:2      | Reached XP level 5. HP: 34/38 MP: 1/9
  2566 | D:2      | Learned a level 4 spell: Iskenderun's Mystic Blast
  2616 | D:2      | Noticed Terence
  2760 | D:2      | Killed Terence
  2760 | D:2      | Reached skill level 6 in Conjurations
  2788 | D:2      | Noticed Natasha
  2808 | D:2      | Killed Natasha
  2952 | D:2      | Noticed Natasha
  2957 | D:2      | Killed Natasha
  3409 | D:3      | Noticed Grinder
  3416 | D:3      | Killed Grinder
  3416 | D:3      | Reached skill level 7 in Conjurations
  3416 | D:3      | Reached XP level 6. HP: 34/45 MP: 0/12
  3566 | D:3      | Learned a level 3 spell: Dazzling Spray
  4486 | D:4      | Your scales start taking on a lurid green colour.
  4486 | D:4      | Reached XP level 7. HP: 50/50 MP: 5/13
  4486 | D:4      | Gained mutation: Your system is resistant to poisons.
                  | (rPois) [Green Draconian growth]
  5589 | D:5      | Entered Level 5 of the Dungeon
  5589 | D:5      | Found a glowing golden altar of the Shining One.
  5604 | D:5      | Reached skill level 8 in Conjurations
  5764 | D:5      | Learned a level 4 spell: Force Lance
  5802 | D:5      | Reached skill level 5 in Spellcasting
  5959 | D:5      | Reached XP level 8. HP: 57/57 MP: 9/15
  5990 | D:5      | Noticed Eustachio
  6018 | D:5      | Killed Eustachio
  6018 | D:5      | Reached skill level 9 in Conjurations
  6593 | D:5      | Reached skill level 1 in Translocations
  6733 | D:6      | Noticed Pikel
  6745 | D:6      | Killed Pikel
  6745 | D:6      | Reached skill level 1 in Fighting
  6745 | D:6      | Reached skill level 1 in Polearms
  6774 | D:6      | Reached XP level 9. HP: 61/67 MP: 12/17
  6894 | D:6      | Noticed Duvessa
  6901 | D:6      | Noticed Dowan
  6909 | D:6      | Killed Dowan
  6914 | D:6      | Killed Duvessa
  7250 | D:6      | Found a staircase to the Ecumenical Temple.
  7259 | Temple   | Entered the Ecumenical Temple
  7399 | Temple   | Became a worshipper of Sif Muna the Loreminder
  7751 | D:7      | Found an ornate altar of the Wu Jian Council.
  7887 | D:7      | Found a runed door.
  7891 | D:7      | Noticed Crazy Yiuf
  7895 | D:7      | Killed Crazy Yiuf
  8084 | D:7      | Reached skill level 1 in Invocations
  8219 | D:7      | Reached skill level 1 in Shields
  8736 | D:7      | Found an ancient bone altar of Kikubaaqudgha.
  8736 | D:7      | Found a snail-covered altar of Cheibriados.
  8769 | D:7      | Found a sparkling altar of Nemelex Xobeh.
  8771 | D:7      | Found a faded altar of an unknown god.
  8772 | D:7      | Found a hide-covered altar of Uskayaw.
  8926 | D:8      | Found a staircase to the Lair.
  9180 | D:8      | Identified a scroll of acquirement
  9181 | D:8      | Got a pair of transparent boots
  9187 | D:8      | Identified the +0 pair of boots "Loar" {rPois rF- Int+2
                  | Dex+4} (You acquired it on level 8 of the Dungeon)
  9225 | D:8      | Reached skill level 10 in Conjurations
  9244 | D:8      | Noticed Erica
  9508 | D:8      | Killed Erica
  9961 | D:8      | Reached XP level 10. HP: 77/77 MP: 19/19
 10225 | Lair:1   | Entered Level 1 of the Lair of Beasts
 10635 | Lair:1   | Found a runed door.
 10635 | Lair:1   | Found a shimmering altar of Xom.
 10635 | Lair:1   | Noticed bmj180's ghost (journeyman DECj)
 10636 | Lair:1   | Noticed a halberd of chaos
 11425 | Lair:2   | Reached * piety under Sif Muna
 11776 | Lair:2   | Learned a level 4 spell: Fulminant Prism
 11891 | Lair:2   | Noticed Sonja
 11901 | Lair:2   | Killed Sonja
 11929 | Lair:2   | Noticed a spiny frog
 11943 | Lair:2   | Killed a spiny frog
 11943 | Lair:2   | Reached skill level 5 in Polearms
 12647 | Lair:3   | Noticed Urug
 12659 | Lair:2   | Reached skill level 5 in Invocations
 13001 | Lair:3   | Found a staircase to the Swamp.
 13205 | Lair:3   | Reached XP level 11. HP: 82/83 MP: 15/21
 13416 | Lair:3   | Killed Urug
 13416 | Lair:3   | Reached skill level 11 in Conjurations
 13672 | Lair:3   | Found a staircase to the Snake Pit.
 14046 | Lair:3   | Reached ** piety under Sif Muna
 14546 | Lair:4   | You fall through a shaft for 2 floors!
 14546 | Lair:6   | Entered Level 6 of the Lair of Beasts
 14551 | Lair:5   | Found a staircase to the Slime Pits.
 15874 | Lair:4   | Noticed a five-headed hydra
 15884 | Lair:4   | Killed a five-headed hydra
 15884 | Lair:4   | Reached skill level 5 in Fighting
 16589 | Lair:5   | Noticed Josephine
 16603 | Lair:5   | Killed Josephine
 16603 | Lair:5   | Reached XP level 12. HP: 94/94 MP: 2/24
 18337 | D:9      | Reached *** piety under Sif Muna
 18486 | D:9      | Reached skill level 5 in Translocations
 18487 | D:9      | Reached skill level 5 in Dodging
 19110 | D:10     | Entered Level 10 of the Dungeon
 19314 | D:10     | Learned a level 6 spell: Deflect Missiles
 19580 | D:10     | Noticed a two-headed ogre
 19582 | D:10     | Found a hide-covered altar of Uskayaw.
 19585 | D:10     | Found a stormy altar of Qazlal.
 19589 | D:10     | Killed a two-headed ogre
 19589 | D:10     | Reached skill level 1 in Charms
 19589 | D:10     | Reached skill level 1 in Air Magic
 19682 | D:10     | Noticed an ettin
 19704 | D:10     | Noticed a two-headed ogre
 19718 | D:10     | Killed an ettin
 20055 | D:10     | Found Ycruachi's Antique Armour Shoppe.
 20466 | D:11     | Reached **** piety under Sif Muna
 20598 | D:11     | Noticed a two-headed ogre
 20615 | D:11     | Killed a two-headed ogre
 20827 | D:11     | Reached XP level 13. HP: 70/104 MP: 16/25
 21476 | D:11     | Noticed Fannar
 21524 | D:11     | Noticed Snorg
 21538 | D:11     | Killed Snorg
 21632 | D:11     | Killed Fannar
 21709 | D:11     | Noticed Maurice
 21718 | D:11     | Killed Maurice
 22317 | D:11     | Found a staircase to the Orcish Mines.
 22406 | Orc:1    | Entered Level 1 of the Orcish Mines
 22716 | Orc:1    | Found Votaolucag's Assorted Antiques.
 22733 | Orc:1    | Noticed an ettin
 22860 | Orc:1    | HP: 2/104 [ettin/dire flail of crushing (29)]
 22860 | Orc:1    | Slain by an ettin

Skill      XL: |  1  2  3  4  5  6  7  8  9 10 11 12 13 |
---------------+----------------------------------------+-----
Conjurations   | 5 7 8 9 10 11 | 11.9
Spellcasting   | 3 4 5 6 7 8 9 |  9.1
Dodging        | 2 3 4 5 |  5.4
Stealth        | 2 3 |  3.3
Translocations | 2 3 4 5 |  5.2
Fighting       | 1 3 5 6 |  6.6
Polearms       | 1 3 6 7 9 |  9.9
Invocations    | 3 5 7 |  7.7
Shields        | 3 4 |  4.1
Charms         | 2 3 |  3.3
Air Magic      | 2 3 |  3.7
Hexes          | |  0.9

Action                   |  1- 3 |  4- 6 |  7- 9 | 10-12 | 13-15 || total
-------------------------+-------+-------+-------+-------+-------++-------
Melee: Dagger            |    10 |       |       |       |       ||    10
       Tailslap          |     6 |       |    19 |    80 |     6 ||   111
       Short sword       |    46 |     7 |       |       |       ||    53
       Trident           |       |     8 |   229 |   509 |    90 ||   836
       Staff             |       |       |       |     5 |     3 ||     8
 Cast: Magic Dart        |    52 |    51 |    55 |    48 |    13 ||   219
       Searing Ray       |     2 |    19 |    29 |     6 |       ||    56
       Iskenderun's Myst |       |     6 |    17 |   125 |    46 ||   194
       Dazzling Spray    |       |       |     9 |    21 |    11 ||    41
       Force Lance       |       |       |     5 |    67 |    16 ||    88
       Fulminant Prism   |       |       |       |     1 |     1 ||     2
Invok: Divine Energy     |       |       |       |     1 |     1 ||     2
       Stop Divine Energ |       |       |       |     1 |     1 ||     2
       Channel Magic     |       |       |       |       |     1 ||     1
 Abil: Breathe Noxious F |       |       |     4 |    18 |    12 ||    34
Evoke: Wand              |       |       |     1 |       |       ||     1
  Use: Scroll            |       |     5 |    17 |    10 |     2 ||    34
       Potion            |       |       |       |     2 |       ||     2
 Stab: Sleeping          |     1 |       |     5 |    13 |       ||    19
       Confused          |       |       |     2 |     6 |     5 ||    13
       Distracted        |       |       |     2 |     3 |     2 ||     7
  Eat: Chunk             |     3 |     9 |    13 |    42 |    10 ||    77
       Ration            |       |     1 |     2 |     4 |     1 ||     8
Armor: Skin              |    18 |    11 |   102 |   161 |    20 ||   312
Dodge: Dodged            |    46 |    20 |   208 |   266 |    72 ||   612
Block: Buckler           |       |       |       |   149 |    17 ||   166
